 Dungeon Crawl Stone Soup version 0.29.1-12-g30fa7ad0bf (webtiles) character file.

Game seed: 5487293061839432139

83024 112233 the Fighter (level 15, -9/111 (114) HPs)
             Began as an Octopode Earth Elementalist on Dec 18, 2022.
             Was an Initiate of Gozag.
             Mangled by a centaur warrior (12 damage)
             ... on level 14 of the Dungeon.
             The game lasted 00:37:39 (34164 turns).

112233 the Fighter (Octopode Earth Elementalist)   Turns: 34164, Time: 00:37:41

HP:   -9/111 (114)  AC:  3    Str:  8    XL:     15   Next: 75%
MP:   53/55         EV: 18    Int: 31    God:    Gozag
Gold: 103           SH:  7    Dex: 15    Spells: 6/39 levels left

rFire   + + +      SeeInvis .   x - +8 whip of Ygios {speed, Fly rF+ Int+6}
rCold   + + .      Faith    .   H - +2 buckler {rC+ rF+}
rNeg    . . .      Spirit   .   A - +2 hat
rPois   .          Reflect  .   e - amulet of magic regeneration
rElec   +          Harm     .   f - ring of Gauroecu {Ice Will- Int+4 Dex+2}
rCorr   .          Rampage  .   k - ring of willpower
Will    ++++.                   E - ring of Zeddesic {MP+9 Stlth+}
Stlth   +++++.....              s - ring of wizardry
HPRegen 0.28/turn               d - ring of protection from fire
MPRegen 0.74/turn               S - ring of wizardry
                                l - ring "Obrul" {Fly rElec Will+++ MP+9 Int-3}
                                J - ring of magical power

@: flying, lightly drained
A: almost no armour, amphibious, 8 rings, camouflage 2, gelatinous body 1,
(nimble swimmer 1), tentacles, fangs 1, fire resistance 1, low MP 1
a: Renounce Religion, Potion Petition, Call Merchant, Bribe Branch


You were on level 14 of the Dungeon.
You worshipped Gozag.
Gozag was aware of your devotion.
You visited 5 branches of the dungeon, and saw 23 of its levels.
You also visited: Gauntlet.

You collected 7871 gold pieces.
You spent 1745 gold pieces at shops.
You paid 6023 gold pieces to Gozag.

Inventory:

Hand Weapons
 x - the +8 whip of Ygios (weapon) {speed, Fly rF+ Int+6}
   (You found it on level 3 of the Lair of Beasts)

   Attacks with this weapon are significantly faster.
   Int:       It affects your intelligence (+6).
   rF:        It protects you from fire.
   Fly:       It grants you flight.
Missiles
 B - 2 throwing nets
 Y - 7 curare-tipped darts
Armour
 A - a +2 hat (worn)
 H - a +2 buckler of resistance (worn)
Magical Staves
 F - a staff of earth
Jewellery
 d - a ring of protection from fire (on tentacle)
 e - an amulet of magic regeneration (around mantle)
 f - the ring of Gauroecu (left tentacle) {Ice Will- Int+4 Dex+2}
   (You took it off a kobold demonologist on level 12 of the Dungeon)

   [ring of ice]

   It enhances your ice magic.
   Int:       It affects your intelligence (+4).
   Dex:       It affects your dexterity (+2).
   rF:        It makes you vulnerable to fire.
   rC:        It protects you from cold.
   Will:      It decreases your willpower.
 h - the amulet of the Priest {Harm rElec Regen+ rCorr Stlth-}
   (You bought it in a shop on level 12 of the Dungeon)

   [amulet of regeneration]

   rElec:     It insulates you from electricity.
   Regen:     It increases your rate of health regeneration.
   rCorr:     It protects you from acid and corrosion.
   Harm:      It increases damage dealt and taken.
   Stlth:     It makes you less stealthy.
 k - a ring of willpower (right tentacle)
 l - the ring "Obrul" (on tentacle) {Fly rElec Will+++ MP+9 Int-3}
   (You acquired it on level 2 of the Orcish Mines)

   [ring of flight]

   Int:       It affects your intelligence (-3).
   rElec:     It insulates you from electricity.
   MP:        It affects your magic capacity (+9).
   Fly:       It grants you flight.
   Will:      It greatly increases your willpower.
 s - a ring of wizardry (on tentacle)
 u - a ring of ice
 E - the ring of Zeddesic (on tentacle) {MP+9 Stlth+}
   (You found it in a Gauntlet)

   [ring of magical power]

   MP:        It affects your magic capacity (+9).
   Stlth:     It makes you more stealthy.
 J - a ring of magical power (on tentacle)
 P - a ring of fire
 S - a ring of wizardry (on tentacle)
Wands
 b - a wand of digging (7)
 i - a wand of polymorph (20)
 y - a wand of mindburst (7)
 I - a wand of iceblast (9)
 O - a wand of paralysis (6)
Scrolls
 c - 6 scrolls of amnesia
 j - a scroll of silence
 n - 4 scrolls of magic mapping
 o - a scroll of enchant weapon
 r - 3 scrolls of torment
 z - a scroll of enchant armour
 D - 3 scrolls of fog
 L - 6 scrolls of immolation
 N - 3 scrolls of poison
 R - 2 scrolls of identify
Potions
 a - 3 potions of brilliance
 g - 6 potions of might
 m - 4 potions of flight {unknown}
 p - 3 potions of resistance
 q - 6 potions of curing
 t - 4 potions of cancellation {unknown}
 v - 5 potions of lignification
 w - 3 potions of berserk rage {unknown}
 C - 2 potions of magic
 K - 7 potions of degeneration
 M - 2 potions of haste {unknown}
 T - a potion of mutation
Miscellaneous
 G - a condenser vane (inert)
 Q - a lightning rod (3/4)


   Skills:
 * Level 14.9 Fighting
 + Level 11.1 Dodging
 - Level 2.9 Stealth
 - Level 5.2 Shields
 + Level 4.2 Unarmed Combat
 * Level 12.6 Spellcasting
 - Level 6.4 Conjurations
 + Level 4.3 Translocations
 + Level 9.0 Transmutations
 + Level 3.5 Air Magic
 - Level 12.0 Earth Magic


You had 6 spell levels left.
You knew the following spells:

 Your Spells              Type           Power      Damage    Failure   Level
a - Sandblast             Erth           100%       2d20      0%          1
b - Stone Arrow           Conj/Erth      100%       3d13      1%          3
c - Iron Shot             Conj/Erth      33%        9d7       3%          6
d - Petrify               Tmut/Erth      71%        N/A       1%          4
e - Blink                 Tloc           92%        N/A       1%          2
f - Passwall              Tmut/Erth      59%        N/A       1%          2
g - Irradiate             Conj/Tmut      30%        3d21      1%          5
h - Manifold Assault      Tloc           46%        N/A       4%          5
i - Summon Lightning Spi  Summ/Air       30%        N/A       4%          4
j - Apportation           Tloc           92%        N/A       1%          1

Your spell library contained the following spells:

 Spells                   Type           Power      Damage    Failure   Level
 Necrotise                Necr           76%        1d7       1%          1
 Slow                     Hex            76%        N/A       1%          1
 Summon Small Mammal      Summ           76%        N/A       1%          1
 Gell's Gravitas          Tloc           46%        N/A       1%          3
 Lesser Beckoning         Tloc           46%        N/A       1%          3
 Portal Projectile        Hex/Tloc       66%        N/A       1%          3
 Teleport Other           Tloc           46%        N/A       1%          3
 Blade Hands              Tmut           33%        N/A       1%          5
 Statue Form              Tmut/Erth      47%        N/A       1%          6
 Confusing Touch          Hex            19%        N/A       2%          3
 Tukima's Dance           Hex            19%        N/A       2%          3
 Vampiric Draining        Necr           19%        2d7       2%          3
 Yara's Violent Unravell  Hex/Tmut       23%        3d10      4%          5
 Dispersal                Tloc           23%        N/A       21%         6
 Metabolic Englaciation   Hex/Ice        14%        N/A       22%         5
 Dragon Form              Tmut           33%        N/A       17%         7
 Storm Form               Tmut/Air       28%        N/A       45%         7
 Enfeeble                 Hex            9%         N/A       99%         7
 Maxwell's Capacitive Co  Air            20%        ∞         100%        8
 Animate Armour           Summ/Erth      Unusable   N/A       N/A         4

Dungeon Overview and Level Annotations

Branches:
Dungeon (14/15)            Temple (1/1) D:6            Lair (5/5) D:9
  Swamp (0/4) Lair:3        Snake (1/4) Lair:3        Slime (0/5) Lair:5
    Orc (2/2) D:9             Elf (0/3) Orc:2        Vaults (0/5) D:13
Gauntlet (visited)

Altars:
Elyvilon
Gozag
Kikubaaqudgha
Qazlal
Ru
Sif Muna
Trog
Uskayaw
Vehumet
Jiyva

Shops:
D:4 [   D:12 *!=   Orc:2 [(((

Portals:
Trove: D:12 (give 4 potions of resistance)

Annotations:
D:2 1 runed translucent door, Crazy Yiuf
D:3 Grinder
D:7 exclusion: upstairs
D:10 exclusion: upstairs
D:11 exclusion: 2 downstairs
D:13 exclusion: upstairs
D:14 Rupert


Innate Abilities, Weirdness & Mutations

You cannot wear most types of armour.
You are amphibious.
You can wear up to eight rings at the same time.
Your skin blends seamlessly with your surroundings (Stealth++).
Your rubbery body absorbs attacks. (AC +1, EV +1)
((You are camouflaged when in or above water. (Stealth+)))
You have tentacles for arms and can constrict up to eight enemies at once.
You have very sharp teeth.
Your flesh is heat resistant. (rF+)
Your magical capacity is low. (-10% MP)


Message History

Okay, then.
Casting: Iron Shot (dangerous; 3% risk of failure)
Confirm with . or Enter, or press ? or * to list all spells.
You blink.
The centaur warrior shoots an arrow.
The arrow hits you!!
* * * LOW HITPOINT WARNING * * *
The centaur warrior shoots an arrow.
The arrow hits you!
* * * LOW HITPOINT WARNING * * *
Unknown command.
Unknown command.
Casting: Blink (safe; 1% risk of failure)
Confirm with . or Enter, or press ? or * to list all spells.
You are still too unstable to blink.
Unknown command.
As you read the scroll labelled XYBYFA EZ WIEF, it crumbles to dust.
It is a scroll of enchant armour.
Your +1 buckler of resistance glows green for a moment.
The centaur warrior shoots an arrow.
The arrow hits you!
* * * LOW HITPOINT WARNING * * *
Unknown command.
Okay, then.
You feel much better.
You feel stable enough to blink again.
The centaur warrior shoots an arrow.
The arrow barely misses you.
Rupert roars madly and goes into a rage!
Rupert goes berserk!
The centaur warrior shoots an arrow.
The arrow hits you!
* * * LOW HITPOINT WARNING * * *
Unknown command.
Okay, then.
Okay, then.
Okay, then.
Casting: Blink (safe; 1% risk of failure)
Confirm with . or Enter, or press ? or * to list all spells.
Okay, then.
Casting: Blink (safe; 1% risk of failure)
Confirm with . or Enter, or press ? or * to list all spells.
You blink.
You block Rupert's attack.
The centaur warrior unwields a +0 longbow.
The centaur warrior hits you!
You die...
Your body crumbles into a pile of gold.

#.........# #
#.........# ##
#........# .#
#........# .##
#........# ..##
##.......# ...#
####....# ...# ##.c.##
..## ##@..## ###
#.@..# .## #....#
..##### ##.§..#
#.....#########.)...#
#.###....##.........#
..###...............#
#.##...###########..##
#....### #...#


You could see Rupert (berserk) and a centaur warrior.

Vanquished Creatures
  An orc warlord (Orc:2)
  Nessos (Lair:5)
  A minotaur (Gauntlet)
  Snorg (Orc:2)
  8 hydras
  2 boulder beetles
  3 centaur warriors
  7 two-headed ogres
  A catoblepas (Lair:3)
  9 death yaks (Lair:5)
  Sonja (Orc:1)
  2 orc knights
  5 ugly things
  2 orc sorcerers (Orc:2)
  A deep elf pyromancer (D:14)
  2 manticores
  A shining eye (Gauntlet)
  20 elephants
  A moth of wrath (shapeshifter) (D:13)
  Maurice (D:8)
  9 black mambas
  2 gargoyles
  13 cane toads
  2 unseen horrors (D:12)
  An efreet (Gauntlet)
  3 kobold demonologists
  3 rime drakes
  An ice devil (Gauntlet)
  3 meliai (D:14)
  5 trolls
  A meliai (shapeshifter) (D:13)
  A troll (shapeshifter) (D:13)
  10 polar bears
  A wind drake (shapeshifter) (D:13)
  5 hornets
  16 blink frogs
  10 dream sheep
  3 wraiths
  Sigmund (D:4)
  12 spriggans (Lair:5)
  A vampire (D:9)
  A yak (shapeshifter) (D:13)
  53 yaks
  5 wyverns
  3 centaur simulacra
  4 basilisks
  A steam dragon (D:6)
  A fire elemental (Gauntlet)
  4 vampire mosquitoes
  A swamp worm (Gauntlet)
  2 acid dragons
  28 water moccasins
  A floating eye (shapeshifter) (D:13)
  2 floating eyes (Gauntlet)
  3 hell hounds (Gauntlet)
  31 orc warriors
  4 black bears
  2 ice beasts
  8 ogres
  4 boggarts (Lair:5)
  25 wolves
  13 centaurs
  A phantom (D:6)
  3 kobold brigands
  4 gnoll sergeants
  8 bullfrogs
  A necrophage (D:4)
  A scorpion (D:7)
  18 wights
  2 killer bees
  11 howler monkeys
  2 electric eels (D:11)
  A lava snake (D:11)
  A jelly (D:5)
  15 orc priests
  2 hounds (D:5)
  3 gnoll boudas
  5 hell rats (Lair:1)
  3 iguanas
  21 orc wizards
  A boggart simulacrum (D:11)
  6 adders
  28 gnolls
  A shadow imp (D:8)
  20 white imps
  4 ufetubi
  4 worms
  4 dart slugs
  65 orcs
  4 endoplasms
  5 giant cockroaches
  4 goblins
  9 hobgoblins
  6 jackals
  2 quokkas
  6 ball pythons
  7 bats
  7 frilled lizards
  9 kobolds
  6 rats
669 creatures vanquished.

Vanquished Creatures (others)
  53 fungi
  64 plants
117 creatures vanquished.

Grand Total: 786 creatures vanquished

Notes
Turn   | Place    | Note
-------+----------+-------------------------------------------
     0 | D:1      | 112233 the Octopode Earth Elementalist began the quest for
                  | the Orb.
     0 | D:1      | Reached XP level 1. HP: 11/11 MP: 3/3
   448 | D:1      | Reached XP level 2. HP: 17/17 MP: 1/5
   505 | D:2      | Learned a level 2 spell: Passwall
   881 | D:1      | Reached XP level 3. HP: 21/21 MP: 2/6
  1221 | D:1      | Learned a level 3 spell: Stone Arrow
  1808 | D:2      | Reached XP level 4. HP: 27/27 MP: 3/7
  1919 | D:2      | Found a faded altar of an unknown god.
  1972 | D:2      | Found a runed translucent door.
  1973 | D:2      | Noticed Crazy Yiuf
  2249 | D:2      | Reached skill level 5 in Earth Magic
  3042 | D:3      | Reached XP level 5. HP: 31/31 MP: 6/8
  3317 | D:3      | Noticed Grinder
  3419 | D:4      | Found a shimmering blue altar of Sif Muna.
  3642 | D:4      | Noticed a water moccasin
  3649 | D:4      | Killed a water moccasin
  3650 | D:4      | Reached XP level 6. HP: 16/36 MP: 4/9
  3946 | D:4      | Noticed Sigmund
  3953 | D:4      | Killed Sigmund
  3954 | D:4      | Reached XP level 7. HP: 29/41 MP: 4/10
  4063 | D:4      | Found Kebbio's Antique Armour Shop.
  4258 | D:5      | Entered Level 5 of the Dungeon
  4304 | D:5      | Found a sacrificial altar of Ru.
  5146 | D:6      | Reached XP level 8. HP: 33/46 MP: 9/11
  5151 | D:6      | Learned a level 4 spell: Petrify
  5403 | D:6      | Reached skill level 1 in Fighting
  5464 | D:7      | Reached skill level 2 in Fighting
  5688 | D:7      | Reached skill level 3 in Fighting
  5874 | D:7      | Reached XP level 9. HP: 35/57 MP: 3/14
  6019 | D:7      | Found an ancient bone altar of Kikubaaqudgha.
  6021 | D:7      | Found a white marble altar of Elyvilon.
  6289 | D:7      | Reached skill level 4 in Fighting
  6630 | D:6      | Reached skill level 5 in Dodging
  6739 | D:6      | Found a staircase to the Ecumenical Temple.
  6754 | Temple   | Entered the Ecumenical Temple
  6779 | Temple   | Became a worshipper of Gozag Ym Sagoz the Greedy
  6805 | D:6      | Reached skill level 5 in Spellcasting
  7650 | D:4      | Bought a shiny kite shield for 180 gold pieces
  7773 | D:8      | Reached skill level 5 in Fighting
  7794 | D:8      | Reached skill level 1 in Shields
  8022 | D:8      | Identified the +0 pair of boots of a wizard's laboratory
                  | {Dex+4 Slay+3}
  8221 | D:8      | Noticed Maurice
  8236 | D:9      | Noticed a two-headed ogre
  8236 | D:9      | Found a staircase to the Orcish Mines.
  8244 | Orc:1    | Entered Level 1 of the Orcish Mines
  8244 | Orc:1    | Noticed a troll
  8590 | D:10     | Entered Level 10 of the Dungeon
  8812 | D:9      | Reached XP level 10. HP: 66/66 MP: 12/18
  8814 | D:9      | Noticed a two-headed ogre
  9036 | D:10     | Reached skill level 6 in Fighting
  9287 | D:9      | Noticed a two-headed ogre
  9958 | D:10     | Noticed a two-headed ogre
  9973 | D:10     | Killed a two-headed ogre
 10597 | D:11     | Reached XP level 11. HP: 74/74 MP: 4/20
 10696 | D:10     | Reached skill level 7 in Fighting
 10696 | D:10     | Reached skill level 5 in Transmutations
 11133 | D:11     | Found a frozen archway.
 12230 | D:11     | Reached skill level 5 in Shields
 12345 | D:11     | Noticed a six-headed hydra
 12359 | D:11     | Killed a six-headed hydra
 13018 | D:11     | Noticed a two-headed ogre
 13029 | D:11     | Killed a two-headed ogre
 13030 | D:11     | Reached skill level 1 in Conjurations
 13030 | D:11     | Reached skill level 10 in Earth Magic
 13522 | D:12     | Noticed a cyan ugly thing
 13670 | D:12     | Identified a scroll of acquirement
 13672 | D:12     | Acquired 1027 gold pieces
 14143 | D:12     | Noticed a white ugly thing
 14154 | D:12     | Killed a white ugly thing
 14643 | D:12     | Found a portal to a secret trove of treasure.
 14650 | D:12     | Noticed a boulder beetle
 14688 | D:12     | Reached XP level 12. HP: 47/81 MP: 16/24
 14704 | D:12     | Identified the ring of Gauroecu {Ice Will- Int+4 Dex+2}
 14988 | D:13     | Noticed a centaur warrior
 14997 | D:13     | Killed a centaur warrior
 15199 | D:13     | Found a gate to the Vaults.
 15252 | D:13     | Found a gate leading to a gauntlet.
 15252 | D:13     | Noticed a boulder beetle
 15267 | Gauntlet | Entered a Gauntlet
 15267 | Gauntlet | Found a transporter.
 15435 | Gauntlet | Learned a level 2 spell: Blink
 15442 | Gauntlet | Learned a level 6 spell: Iron Shot
 15453 | Gauntlet | Found a transporter.
 15456 | Gauntlet | Found a transporter.
 15457 | Gauntlet | Found a transporter.
 15465 | Gauntlet | Found a transporter.
 15468 | Gauntlet | Found a transporter.
 15469 | Gauntlet | Found a transporter.
 15478 | Gauntlet | Found a transporter.
 15481 | Gauntlet | Found a transporter.
 15482 | Gauntlet | Found a transporter.
 15490 | Gauntlet | Found a transporter.
 15493 | Gauntlet | Found a transporter.
 15494 | Gauntlet | Found a transporter.
 15502 | Gauntlet | Found a transporter.
 15931 | Gauntlet | Paralysed by a floating eye for 4 turns
 15936 | Gauntlet | Gained mutation: You are frail. (-10% HP) [a shining eye]
 15936 | Gauntlet | Paralysed by a floating eye for 2 turns
 15937 | Gauntlet | Gained mutation: You occasionally shout uncontrollably at
                  | your foes. [a shining eye]
 15973 | Gauntlet | Lost mutation: You occasionally shout uncontrollably at
                  | your foes. [potion of mutation]
 15973 | Gauntlet | Lost mutation: You are frail. (-10% HP) [potion of
                  | mutation]
 15973 | Gauntlet | Gained mutation: You occasionally lose the ability to drink
                  | potions when taking damage. [potion of mutation]
 15973 | Gauntlet | Gained mutation: You have a beak for a mouth. [potion of
                  | mutation]
 15974 | Gauntlet | Lost mutation: You occasionally lose the ability to drink
                  | potions when taking damage. [potion of mutation]
 15974 | Gauntlet | Lost mutation: You have a beak for a mouth. [potion of
                  | mutation]
 15974 | Gauntlet | Gained mutation: You have very sharp teeth. [potion of
                  | mutation]
 15974 | Gauntlet | Gained mutation: Your skin blends seamlessly with your
                  | surroundings (Stealth++). [potion of mutation]
 15974 | Gauntlet | Gained mutation: Your magical capacity is low. (-10% MP)
                  | [potion of mutation]
 15974 | Gauntlet | Gained mutation: Your flesh is heat resistant. (rF+)
                  | [potion of mutation]
 16018 | Gauntlet | Identified the +0 pair of gloves "Nykumah" {Regen+}
 16141 | Gauntlet | Identified the +1 pair of gloves "Zisugog" {Harm Fly Str-3}
 16156 | Gauntlet | Noticed a minotaur
 16166 | Gauntlet | Killed a minotaur
 16362 | Gauntlet | Identified the ring of Zeddesic {MP+9 Stlth+}
 16395 | Gauntlet | Learned a level 5 spell: Irradiate
 16403 | D:13     | You fall into a shaft and drop 1 floor!
 16466 | D:14     | Noticed a tengu warrior
 16745 | D:13     | Noticed a centaur warrior
 16750 | D:13     | Killed a centaur warrior
 16753 | D:13     | Noticed a two-headed ogre
 16764 | D:13     | Reached skill level 8 in Fighting
 16765 | D:13     | Killed a two-headed ogre
 17101 | D:12     | Killed a boulder beetle
 17764 | D:9      | Killed a two-headed ogre
 17765 | D:9      | Reached skill level 9 in Fighting
 17768 | D:9      | Killed a two-headed ogre
 17775 | D:9      | Killed a two-headed ogre
 17776 | D:9      | Reached XP level 13. HP: 70/90 MP: 2/24
 18001 | D:8      | Killed Maurice
 18062 | D:8      | Found a hide-covered altar of Uskayaw.
 18543 | D:9      | Reached skill level 10 in Fighting
 18649 | D:9      | Found a staircase to the Lair.
 18767 | D:9      | Reached skill level 10 in Spellcasting
 19131 | D:13     | Reached skill level 5 in Conjurations
 19259 | D:13     | HP: 4/92 [boulder beetle (52)]
 19275 | D:13     | HP: 1/92 [basilisk (8)]
 19998 | Orc:1    | Noticed Sonja
 20494 | Lair:1   | Entered Level 1 of the Lair of Beasts
 20562 | Lair:1   | Identified the +6 glaive "Hahaguur" {venom, *Noise rC+ SInv
                  | Stlth+}
 21640 | Lair:2   | Reached skill level 11 in Fighting
 22453 | Lair:2   | You fall into a shaft and drop 1 floor!
 22607 | Lair:3   | Identified the +8 whip of Ygios {speed, Fly rF+ Int+6}
 22818 | Lair:3   | Reached skill level 10 in Dodging
 22870 | Lair:3   | Found a staircase to the Snake Pit.
 22882 | Lair:3   | Reached skill level 12 in Fighting
 22886 | Lair:3   | Reached XP level 14. HP: 55/103 MP: 15/26
 22939 | Snake:1  | Entered Level 1 of the Snake Pit
 24351 | Lair:3   | Found a staircase to the Swamp.
 25211 | Lair:4   | Reached skill level 13 in Fighting
 25314 | Lair:4   | Reached skill level 1 in Unarmed Combat
 25321 | Lair:4   | Reached skill level 1 in Translocations
 25600 | Lair:5   | Entered Level 5 of the Lair of Beasts
 26870 | Lair:5   | Found a viscous altar of Jiyva.
 26871 | Lair:5   | Found a staircase to the Slime Pits.
 27550 | D:9      | Learned a level 5 spell: Manifold Assault
 27555 | D:9      | Learned a level 4 spell: Summon Lightning Spire
 27676 | Orc:1    | Killed Sonja
 27862 | Orc:2    | Entered Level 2 of the Orcish Mines
 28175 | Orc:2    | Found Luotoafe's Antique Weapon Shoppe.
 28291 | Orc:2    | Noticed Snorg
 28315 | Orc:2    | Killed Snorg
 28479 | Orc:2    | Acquired the ring "Obrul" {Fly rElec Will+++ MP+9 Int-3}
 28691 | Orc:2    | Reached skill level 1 in Air Magic
 28695 | Orc:2    | Found Omouqawkep's Antique Weapon Emporium.
 28701 | Orc:2    | Reached skill level 14 in Fighting
 29397 | Orc:2    | Noticed an orc warlord
 29426 | Orc:2    | Killed an orc warlord
 29463 | Orc:2    | Reached XP level 15. HP: 71/113 MP: 9/27
 29965 | Orc:2    | Found Ilurasac's Antique Armour Boutique.
 30011 | Orc:2    | Found Hevuff's Antique Weapon Shop.
 30025 | Orc:2    | Bought a glowing hat for 238 gold pieces
 30159 | Orc:2    | Found a staircase to the Elven Halls.
 30470 | Lair:5   | Noticed Nessos
 31958 | Lair:5   | Learned a level 1 spell: Apportation
 32059 | Lair:5   | Paralysed by a hornet for 1 turns
 32766 | Lair:5   | Killed Nessos
 33619 | D:12     | Bought a flickering bronze amulet for 185 gold pieces
 33619 | D:12     | Identified the amulet of the Priest {Harm rElec Regen+
                  | rCorr Stlth-} (You bought it in a shop on level 12 of the
                  | Dungeon)
 33619 | D:12     | Bought a wand of iceblast (5) for 444 gold pieces
 33625 | D:12     | Bought a potion of heal wounds for 70 gold pieces
 33625 | D:12     | Bought 2 potions of heal wounds for 140 gold pieces
 33625 | D:12     | Bought a potion of degeneration for 14 gold pieces
 33625 | D:12     | Bought a potion of curing for 42 gold pieces
 33625 | D:12     | Bought a potion of magic for 112 gold pieces
 33626 | D:12     | Bought a ring of magical power for 320 gold pieces
 34146 | D:14     | Noticed Rupert
 34162 | D:14     | HP: 1/111 [centaur warrior/arrow (16)]
 34164 | D:14     | Mangled by a centaur warrior

Illustrated notes

Levels and vault maps discovered:
D:1:      dpeg_arrival_radiant, layout_loops_ring
D:2:      layout_loops_corners, hellmonk_ecumenical_altar_defaced_shrine,
          roderic_lattice_a, minmay_fractal_squares_5, uniq_crazy_yiuf_cottage
D:3:      layout_basic, uniq_grinder
D:4:      layout_cave_pools, mainiacjoe_overflow_24_doors, serial_shops,
          kennysheep_mini, uniq_sigmund
D:5:      layout_basic, mainiacjoe_overflow_brackets
D:6:      layout_basic, minmay_temple_entry_glassed_door
D:7:      layout_loops_cross, jmf_multi_god_temple
D:8:      layout_basic, nicolae_uskayaw_dance_hall, uniq_maurice
D:9:      cheibrodos_fzero, layout_cross, grunt_lair_entry_orc_guard_hut,
          st_stairs_1
D:10:     layout_roguey
D:11:     layout_small_grid, portal_ice_cave_entry_imps, serial_ice,
          serial_ice_c, serial_ice_a, serial_ice_o, serial_ice_k,
          kennysheep_nub, kennysheep_big_empty_room, kennysheep_generic_room_10
D:12:     layout_layer_cave, nicolae_trove_entry_columns,
          minmay_misc_feat_encased
D:13:     layout_loops_ring, david_vaults_2, gauntlet_entry_generic
D:14:     lemuel_troll_bridge, layout_layer_cave, minmay_misc_feat_roman,
          nicolae_concentric_dashed_squares_wild, uniq_lodul, uniq_rupert
Temple:   bh_familiar_temple
Lair:1:   layout_misc_corridors
Lair:2:   layout_concentric_octagons, lemuel_fruit_tree, grunt_megastairs_4
Lair:3:   layout_roguey, swamp_mist, minmay_snake_entry_six_corridors
Lair:4:   layout_gridlike, grunt_megastairs_3
Lair:5:   minmay_lair_end_enchanted_forest, layout_cave_pods, slime_entry_1,
          uniq_nessos
Snake:1:  layout_rooms, uniq_frances
Orc:1:    layout_caves, mines2_david, uniq_jorgrun, uniq_sonja
Orc:2:    grunt_orc_community_town_hall, layout_caves,
          grunt_orc_community_big_house_1, grunt_orc_community_big_house_1,
          grunt_orc_community_house_1, grunt_orc_community_house_1,
          grunt_orc_community_house_1, grunt_orc_community_house_2,
          nicolae_orc_sculptors_studio, minmay_orc_temple_a, uniq_snorg

Skill      XL: |  1  2  3  4  5  6  7  8  9 10 11 12 13 14 15 |
---------------+----------------------------------------------+-----
Earth Magic    | 4 5 6 7 9 10 11 12 | 12.0
Fighting       | 3 5 6 7 9 12 14 | 14.9
Dodging        | 4 6 7 8 9 10 11 | 11.1
Spellcasting   | 3 5 6 8 9 10 11 12 | 12.6
Transmutations | 2 4 5 6 7 8 9 |  9.0
Shields        | 2 4 5 |  5.2
Conjurations   | 2 4 5 6 |  6.4
Unarmed Combat | 2 4 |  4.2
Translocations | 2 4 |  4.3
Air Magic      | 1 3 |  3.5
Stealth        | |  2.9

Action                   |  1- 3 |  4- 6 |  7- 9 | 10-12 | 13-15 || total
-------------------------+-------+-------+-------+-------+-------++-------
Melee: Unarmed           |    10 |     4 |     3 |       |       ||    17
       Constrict         |     5 |     2 |     2 |       |     8 ||    17
       Tentacles         |     5 |     2 |       |     4 |    24 ||    35
       Falchion          |       |       |     2 |    12 |       ||    14
       Staff             |       |       |       |       |    18 ||    18
       Bite              |       |       |       |       |    14 ||    14
       Punch             |       |       |       |       |     3 ||     3
       Whip              |       |       |       |       |    42 ||    42
 Cast: Sandblast         |    61 |    47 |    63 |    35 |    58 ||   264
       Passwall          |       |     1 |       |       |     1 ||     2
       Stone Arrow       |       |     2 |    91 |   350 |   509 ||   952
       Petrify           |       |       |       |     6 |     1 ||     7
       Iron Shot         |       |       |       |       |   188 ||   188
       Blink             |       |       |       |       |     4 ||     4
       Manifold Assault  |       |       |       |       |     1 ||     1
Invok: Potion Petition   |       |       |       |     5 |     3 ||     8
       Call Merchant     |       |       |       |       |     3 ||     3
Evoke: Wand              |       |       |       |    15 |    10 ||    25
       Condenser vane    |       |       |       |     2 |     5 ||     7
       Lightning rod     |       |       |       |       |     8 ||     8
  Use: Potion            |     1 |     1 |     4 |     7 |     7 ||    20
       Scroll            |       |     4 |    10 |    14 |    10 ||    38
 Stab: Sleeping          |     2 |     1 |       |       |       ||     3
       Paralysed         |       |       |       |    10 |       ||    10
       Petrified         |       |       |       |       |     5 ||     5
Armor: Skin              |     4 |     1 |     7 |    23 |    30 ||    65
Dodge: Dodged            |    24 |    16 |    55 |   170 |   260 ||   525
Block: Buckler           |       |       |       |       |   123 ||   123
